 Dungeon Crawl Stone Soup version 0.30-a0-325-gb515db48ae (webtiles) character file.

Game seed: 9457717234448051770

75 Engwar the Cudgeller (level 4, -2/32 (36) HPs)
             Began as a Draconian Reaver on Oct 27, 2022.
             Slain by a gnoll
             ... wielding a +0 spear
              (5 damage)
             ... on level 3 of the Dungeon on Oct 28, 2022.
             The game lasted 00:04:54 (1864 turns).

Engwar the Cudgeller (Draconian Reaver)             Turns: 1864, Time: 00:04:55

HP:   -2/32 (36)    AC:  6    Str: 14    XL:     4   Next: 11%
MP:   6/8           EV: 12    Int: 15    God:
Gold: 67            SH:  0    Dex: 10    Spells: 5/8 levels left

rFire   . . .      SeeInvis .    b - +0 whip
rCold   . . .      Faith    .    (no shield)
rNeg    . . .      Spirit   .    (body armour unavailable)
rPois   .          Reflect  .    (helmet restricted)
rElec   .          Harm     .    k - +0 cloak
rCorr   .          Rampage  .    (no gloves)
Will    .....                    (no boots)
Stlth   +.........               (no amulet)
HPRegen 0.25/turn                (no ring)
MPRegen 0.11/turn                (no ring)

@: heavily drained
A: AC +5, unfitting armour, cold-blooded
a: no special abilities


You were on level 3 of the Dungeon.
You visited 1 branch of the dungeon, and saw 3 of its levels.

You collected 67 gold pieces.

Inventory:

Hand Weapons
 b - a +0 whip (weapon)
Armour
 k - a +0 cloak (worn)
Jewellery
 d - a +4 ring of protection
 f - a ring of fire
Potions
 c - 2 potions of haste
 g - a potion of flight {unknown}


   Skills:
 - Level 2.1 Fighting
 + Level 3.8 Maces & Flails
 - Level 1.7 Dodging
 + Level 2.8 Spellcasting
 + Level 3.7 Conjurations


You had 5 spell levels left.
You knew the following spells:

 Your Spells              Type           Power      Damage    Failure   Level
a - Kiss of Death         Conj/Necr      28%        2d7       10%         1
b - Momentum Strike       Conj/Tloc      14%        3d8       14%         2

Your spell library contained the following spells:

 Spells                   Type           Power      Damage    Failure   Level
 Necrotise                Necr           8%         1d4       21%         1
 Hailstorm                Conj/Ice       7%         3d4       28%         3
 Vampiric Draining        Necr           2%         2d6       52%         3
 Agony                    Necr           2%         N/A       99%         5


Dungeon Overview and Level Annotations

Branches:
Dungeon (3/15)

Altars:


Innate Abilities, Weirdness & Mutations

Your plain brown scales are hard. (AC +5)
You cannot fit into any form of body armour.
You are cold-blooded and may be slowed by cold attacks.


Message History

The gnoll shouts!
The gnoll hits you with a +0 club.
You hit the gnoll.
The gnoll is moderately wounded.
You hit the gnoll.
The gnoll is heavily wounded.
The gnoll barely misses you.
You hit the gnoll. You punch the gnoll.
The gnoll is almost dead.
The gnoll hits you with a +0 club.
You hit the gnoll.
You kill the gnoll!
The gnoll hits you from afar with a +0 spear.
You have reached level 4!
You feel agile.
You closely miss the gnoll. The gnoll hits you but does no damage.
The gnoll hits you from afar with a +0 spear.
You hit the gnoll but do no damage. The gnoll barely misses you.
The gnoll hits you from afar with a +0 spear.
Casting: Kiss of Death (safe; 10% risk of failure)
Confirm with . or Enter, or press ? or * to list all spells.
Aiming: Momentum Strike (safe; 14% risk of failure)
Press: ? - help, Dir - move target, f - gnoll
Aim: a gnoll, wielding a +0 flail (72% to hit)
The concentrated momentum misses the gnoll.
The gnoll misses you.
The gnoll hits you from afar with a +0 spear.
You hit the gnoll.
The gnoll is moderately wounded.
The gnoll hits you with a +0 flail! The gnoll hits you but does no damage.
You closely miss the gnoll.
The gnoll is moderately wounded.
The gnoll hits you with a +0 flail!
* * * LOW HITPOINT WARNING * * *
The gnoll hits you but does no damage.
You hit the gnoll but do no damage. You tail-slap the gnoll.
The gnoll is heavily wounded.
The gnoll closely misses you.
The gnoll hits you from afar with a +0 spear.
You die...

.#.########...#^#
##............#.#
###########....#
#.#..# #.#..#
#.#..#######
#..........##
####.#####..##
#.@ggg....#
#####..##.#
#........#
#...g....#
#.......>#
#........#
#...g....#
#........#
#........#


You could see 3 gnolls.

Vanquished Creatures
  Crazy Yiuf (D:2)
  A gnoll (D:3)
  An adder (D:2)
  A dart slug (D:2)
  4 endoplasms
  2 giant cockroaches (D:1)
  2 goblins
  3 hobgoblins
  4 jackals (D:2)
  3 quokkas (D:1)
  5 ball pythons
  3 bats
  3 frilled lizards
  4 kobolds
  4 rats
41 creatures vanquished.

Notes
Turn   | Place    | Note
-------+----------+-------------------------------------------
     0 | D:1      | Engwar the Draconian Reaver began the quest for the Orb.
     0 | D:1      | Reached XP level 1. HP: 17/17 MP: 3/3
   231 | D:1      | Reached XP level 2. HP: 19/24 MP: 5/5
  1100 | D:2      | Reached XP level 3. HP: 17/27 MP: 6/6
  1103 | D:2      | Learned a level 2 spell: Momentum Strike
  1350 | D:2      | Found a faded altar of an unknown god.
  1425 | D:2      | Found a runed translucent door.
  1426 | D:2      | Noticed Crazy Yiuf
  1429 | D:2      | Upgraded the game from 0.30-a0-321-gf7783e6616 to
                  | 0.30-a0-325-gb515db48ae
  1432 | D:2      | Killed Crazy Yiuf
  1858 | D:3      | Reached XP level 4. HP: 22/32 MP: 8/8
  1864 | D:3      | Slain by a gnoll

Illustrated notes

Levels and vault maps discovered:
D:1:      dpeg_arrival_orchard, layout_basic, dk_noncrumbling_4
D:2:      layout_basic, ebering_ecumenical_altar_box, uniq_crazy_yiuf_cottage
D:3:      layout_basic, okawaru_gym_becter, goddamned_bats

Action                   |  1- 3 |  4- 6 || total
-------------------------+-------+-------++-------
Melee: Mace              |    26 |       ||    26
       Whip              |   145 |     5 ||   150
       Tailslap          |    19 |     1 ||    20
       Punch             |     1 |       ||     1
 Cast: Kiss of Death     |     2 |       ||     2
       Momentum Strike   |     1 |     1 ||     2
  Use: Scroll            |     5 |       ||     5
 Stab: Sleeping          |     1 |       ||     1
Armor: Skin              |    68 |     3 ||    71
Dodge: Dodged            |   159 |     3 ||   162

Table legend: (Time is in decaauts)
 A = Elapsed time spent in this place.
 B = Non-inter-level travel time spent in this place.
 C = Inter-level travel time spent in this place.
 D = Time resting spent in this place.
 E = Time spent auto-exploring this place.
 F = Levels seen in this place.
 G = Mean time per level.
                   A        B        C        D        E       F      G
               +--------+--------+--------+--------+--------+-----+--------+
         Total |   1861 |   1820 |     41 |    138 |   1252 |   3 |  620.3 |
       Dungeon |   1861 |   1820 |     41 |    138 |   1252 |   3 |  620.3 |
               +--------+--------+--------+--------+--------+-----+--------+

Top non-repeatable levels by time:
     D:1: 1056 daAuts
     D:2: 685 daAuts
     D:3: 118 daAuts
